 Dungeon Crawl Stone Soup version 0.30.1-4-g462c640d31 (webtiles) character file.

Game seed: 5549836484213909742

1709738 LordWeiramon the Wrestler (level 27, 273/273 HPs)
             Began as a Ghoul Wanderer on Sept 1, 2023.
             Was a High Priest of Ashenzari.
             Escaped with the Orb
             ... and 3 runes!
             The game lasted 06:26:59 (69655 turns).

LordWeiramon the Wrestler (Ghoul Wanderer)         Turns: 69655, Time: 06:27:00

Health: 273/273    AC: 36    Str: 23    XL:     27
Magic:  27/27      EV: 37    Int: 20    God:    Ashenzari [*****.]
Gold:   2939       SH: 39    Dex: 19    Spells: 32/33 levels left

rFire   + +          +
                       - Unarmed
rCold   + + +        x - +7 tower shield of Ashenzari's Sophism {rC+ rF+, Cun, Fort} (curse)
rNeg    + + +        Y - +8 fire dragon scales "Ruined Together" {rF++ rC-, Comp, Evo} (curse)
rPois   ∞            E - +1 helmet "Perceptive Stickiness" {Evo, Alch} (curse)
rElec   +            W - scarf "Restrained Together" {rC+ rF+, Regen+ rCorr, Cun, Fort} (curse)
rCorr   +            Z - +2 pair of gloves "At What Cost Knowledge?" {-Cast Rampage Dex+3, Self, Fort} (curse)
SInv    +            r - +1 pair of boots "Visionary Sorrow" {rN+ Str+5 Int+3, Elem, Self} (curse)
Will    ++...        j - brooch of Shielding {Spirit SH+8, Fort, Range} (curse) Stlth
                     z - ring of the Hare {EV+10, Melee, Range} (curse)
HPRegen 1.45/turn    K - ring "Urgency of Ashenzari" {rElec rC+++ Int+6 SInv Stlth-, Fort, Elem} (curse)
MPRegen 0.20/turn

%: no spellcasting, clarity, guardian spirit, rampage
@: studying 4 skills
A: claws 1, cold resistance 1, negative energy resistance 3, inhibited
regeneration, torment resistance 2, devour on kill
0: Orb of Zot
}: 3/15 runes: decaying, silver, gossamer
a: Renounce Religion, Curse Item, Shatter the Chains


You escaped.
You worshipped Ashenzari.
Ashenzari was extremely pleased with you.
You visited 10 branches of the dungeon, and saw 50 of its levels.
You visited the Abyss 3 times.
You also visited: Trove, Ossuary, Gauntlet and Ice Cave.

You collected 14794 gold pieces.
You spent 11855 gold pieces at shops.

Inventory:

Missiles
 f - 396 stones (quivered)
 H - 3 throwing nets
 J - 6 curare-tipped darts
Armour
 r - the cursed +1 pair of boots "Visionary Sorrow" (worn) {rN+ Str+5 Int+3, Elem, Self}
   (You found it on level 8 of the Dungeon)

   Str:       It affects your strength (+5).
   Int:       It affects your intelligence (+3).
   rN:        It protects you from negative energy.
   It has a curse which improves the following skills: Elements: Fire Magic, Ice
   Magic, Air Magic and Earth Magic.
   Introspection: Fighting and Spellcasting.
 x - the cursed +7 tower shield of Ashenzari's Sophism (worn) {rC+ rF+, Cun, Fort}
   (You found it on level 5 of the Lair of Beasts)

   It has a curse which improves the following skills: Cunning: Dodging and
   Stealth.
   Fortitude: Armour and Shields.
 E - the cursed +1 helmet "Perceptive Stickiness" (worn) {Evo, Alch}
   (You found it on level 2 of the Swamp)

   It has a curse which improves the following skills: Evocations: Evocations.
   Alchemy:   Poison Magic and Transmutations.
 W - the cursed scarf "Restrained Together" (worn) {rC+ rF+, Regen+ rCorr, Cun, Fort}
   (You bought it in a shop on level 14 of the Dungeon)

   Regen:     It increases your rate of health regeneration.
   rCorr:     It protects you from acid and corrosion.
   It has a curse which improves the following skills: Cunning: Dodging and
   Stealth.
   Fortitude: Armour and Shields.
 Y - the cursed +8 fire dragon scales "Ruined Together" (worn) {rF++ rC-, Comp, Evo}
   (You took it off a hell knight on level 5 of the Vaults)

   rF:        It greatly protects you from fire.
   rC:        It makes you vulnerable to cold.
   It has a curse which improves the following skills: Companions: Summonings
   and Necromancy.
   Evocations: Evocations.
 Z - the cursed +2 pair of gloves "At What Cost Knowledge?" (worn) {-Cast Rampage Dex+3, Self, Fort}
   (You bought it in a shop on level 2 of the Orcish Mines)

   Dex:       It affects your dexterity (+3).
   -Cast:     It prevents spellcasting.
   Rampage:   It bestows one free step when moving towards enemies.
   It has a curse which improves the following skills: Introspection: Fighting
   and Spellcasting.
   Fortitude: Armour and Shields.
Jewellery
 j - the cursed brooch of Shielding (around neck) {Spirit SH+8, Fort, Range}
   (You bought it in a shop on level 3 of the Elven Halls)

   [amulet of guardian spirit]

   It causes incoming damage to be divided between your reserves of health and
   magic.
   SH:        It affects your SH (+8).
   It has a curse which improves the following skills: Fortitude: Armour and
   Shields.
   Ranged Combat: Ranged Weapons and Throwing.
 n - the ring "Zeuhoika" {Will+ Dex+3 Slay+5}
   (You found it on level 4 of the Depths)

   [ring of willpower]

   Dex:       It affects your dexterity (+3).
   Slay:      It affects your accuracy & damage with ranged weapons and melee
   (+5).
   Will:      It increases your willpower.
 z - the cursed ring of the Hare (left hand) {EV+10, Melee, Range}
   (You bought it in a shop on level 3 of the Elven Halls)

   [ring of evasion]

   EV:        It affects your evasion (+10).
   It has a curse which improves the following skills: Melee Combat: Short
   Blades, Long Blades, Axes, Maces & Flails, Polearms, Staves and Unarmed
   Combat.
   Ranged Combat: Ranged Weapons and Throwing.
 K - the cursed ring "Urgency of Ashenzari" (right hand) {rElec rC+++ Int+6 SInv Stlth-, Fort, Elem}
   (You found it on level 3 of the Elven Halls)

   [ring of intelligence]

   Int:       It affects your intelligence (+6).
   rC:        It renders you almost immune to cold.
   rElec:     It insulates you from electricity.
   SInv:      It lets you see invisible.
   Stlth:     It makes you less stealthy.
   It has a curse which improves the following skills: Fortitude: Armour and
   Shields.
   Elements:  Fire Magic, Ice Magic, Air Magic and Earth Magic.
Wands
 b - a wand of polymorph (30)
 p - a wand of digging (30)
 t - a wand of charming (87)
 w - a wand of iceblast (60)
 I - a wand of light (23)
 M - a wand of flame (143)
 Q - a wand of mindburst (11)
Scrolls
 c - 11 scrolls of blinking
 d - 6 scrolls of silence
 e - 25 scrolls of teleportation
 g - 13 scrolls of poison
 q - 2 scrolls of enchant armour
 y - 11 scrolls of immolation
 A - 13 scrolls of amnesia
 F - 6 scrolls of butterflies
 G - 3 scrolls of torment
 S - 9 scrolls of fog
 U - 2 scrolls of magic mapping
 V - 6 scrolls of fear
Potions
 h - 40 potions of curing
 i - 9 potions of flight
 k - 5 potions of resistance
 l - 5 potions of haste
 m - 18 potions of attraction
 o - 12 potions of might
 B - 11 potions of heal wounds
 C - 7 potions of brilliance
 L - 7 potions of invisibility
 N - 5 potions of magic
 R - 14 potions of ambrosia
 T - 9 potions of cancellation
Miscellaneous
 a - a condenser vane
 D - a lightning rod (4/4)
 O - a phial of floods
 P - a box of beasts
 X - a phantom mirror


   Skills:
 - Level 24.7(27) Fighting
 - Level 1.0(2.7) Throwing
 - Level 21.8(27) Armour
 - Level 24.4(27) Dodging
 - Level 1.1(2.9) Stealth
 - Level 17.3(23.0) Shields
 - Level 25.4(27) Unarmed Combat
 - Level 1.7(3.9) Spellcasting
 - Level 3.0(4.8) Necromancy
 + Level 11.2(14.3) Evocations


You had 32 spell levels left.
You knew the following spells:

 Your Spells              Type           Power      Damage    Failure   Level
a - Necrotise             Necr           92%        1d8       3%          1

Your spell library contained the following spells:

 Spells                   Type           Power      Damage    Failure   Level
 Kiss of Death            Conj/Necr      52%        2d9       10%         1
 Vampiric Draining        Necr           23%        2d7       11%         3
 Cigotuvi's Dreadful Rot  Necr/Pois/Air  22%        N/A       19%         2
 Sandblast                Erth           10%        2d5       24%         1
 Sting                    Tmut/Pois      20%        1d4       24%         1
 Summon Small Mammal      Summ           20%        N/A       24%         1
 Foxfire                  Conj/Fire      16%        2x1d4     26%         1
 Apportation              Tloc           6%         N/A       28%         1
 Magic Dart               Conj           12%        1d3       28%         1
 Slow                     Hex            12%        N/A       28%         1
 Passwall                 Tmut/Erth      4%         N/A       34%         2
 Scorch                   Fire           10%        2d5       34%         2
 Ensorcelled Hibernation  Hex/Ice        8%         N/A       36%         2
 Poisonous Vapours        Pois/Air       10%        N/A       36%         2
 Static Discharge         Conj/Air       8%         2-3/arc   36%         2
 Dispel Undead            Necr           23%        3d12      36%         4
 Searing Ray              Conj           6%         2d4       38%         2
 Frozen Ramparts          Ice            10%        1d2       56%         3
 Ozocubu's Armour         Ice            5%         N/A       56%         3
 Swiftness                Air            5%         N/A       56%         3
 Call Canine Familiar     Summ           5%         N/A       58%         3
 Hailstorm                Conj/Ice       4%         3d4       58%         3
 Ignite Poison            Fire/Tmut/Pois 5%         N/A       58%         3
 Inner Flame              Hex/Fire       4%         N/A       58%         3
 Stone Arrow              Conj/Erth      8%         3d7       58%         3
 Vhi's Electric Charge    Tloc/Air       8%         N/A       58%         3
 Volatile Blastmotes      Fire/Tloc      8%         2d10      58%         3
 Summon Guardian Golem    Hex/Summ       4%         N/A       61%         3
 Confusing Touch          Hex            3%         N/A       63%         3
 Dazzling Flash           Conj/Hex       6%         N/A       63%         3
 Gell's Gravitas          Tloc           3%         N/A       63%         3
 Portal Projectile        Hex/Tloc       6%         N/A       63%         3
 Teleport Other           Tloc           3%         N/A       63%         3
 Anguish                  Hex/Necr       6%         N/A       69%         4
 Airstrike                Air            2%         2d(1-17)  93%         4
 Animate Armour           Summ/Erth      10%        N/A       93%         4
 Petrify                  Tmut/Erth      5%         N/A       93%         4
 Summon Ice Beast         Ice/Summ       5%         N/A       93%         4
 Summon Lightning Spire   Summ/Air       5%         N/A       93%         4
 Flame Wave               Conj/Fire      4%         2d5       94%         4
 Leda's Liquefaction      Hex/Erth       2%         N/A       94%         4
 Olgreb's Toxic Radiance  Pois           5%         N/A       94%         4
 Cause Fear               Hex            1%         N/A       95%         4
 Fulminant Prism          Conj/Hex       1%         3d5       95%         4
 Iskenderun's Mystic Bla  Conj/Tloc      3%         2d3       95%         4
 Manifold Assault         Tloc           3%         N/A       95%         4
 Borgnjor's Vile Clutch   Necr/Erth      7%         N/A       95%         5
 Death Channel            Necr           11%        N/A       99%         6
 Arcjolt                  Conj/Air       2%         1d12      100%        5
 Fireball                 Conj/Fire      2%         3d4       100%        5
 Freezing Cloud           Conj/Ice/Air   2%         6-21      100%        5
 Iskenderun's Battlesphe  Conj           3%         2d6       100%        5
 Lee's Rapid Deconstruct  Erth           2%         3d5*      100%        5
 Metabolic Englaciation   Hex/Ice        2%         N/A       100%        5
 Summon Forest            Summ/Tloc      2%         N/A       100%        5
 Summon Mana Viper        Hex/Summ       4%         N/A       100%        5
 Yara's Violent Unravell  Hex/Tmut       2%         3d3       100%        5
 Conjure Ball Lightning   Conj/Air       2%         3x3d6     100%        6
 Dispersal                Tloc           1%         N/A       100%        6
 Plasma Beam              Fire/Air       2%         2x1d14    100%        6
 Simulacrum               Ice/Necr       7%         N/A       100%        6
 Starburst                Conj/Fire      2%         6d3       100%        6
 Summon Cactus Giant      Summ           2%         N/A       100%        6
 Enfeeble                 Hex            1%         N/A       100%        7
 Monstrous Menagerie      Summ           2%         N/A       100%        7
 Orb of Destruction       Conj           1%         9d5       100%        7
 Ozocubu's Refrigeration  Ice            2%         4d8       100%        7
 Spellforged Servitor     Conj/Summ      2%         N/A       100%        7
 Summon Hydra             Summ           2%         N/A       100%        7
 Discord                  Hex            1%         N/A       100%        8
 Disjunction              Tloc           1%         N/A       100%        8
 Ignition                 Fire           2%         3d3       100%        8
 Lehudib's Crystal Spear  Conj/Erth      2%         10d2      100%        8
 Dragon's Call            Summ           2%         N/A       100%        9
 Polar Vortex             Ice            2%         N/A       100%        9
 Spider Form              Tmut/Pois      Unusable   N/A       N/A         3
 Ice Form                 Ice/Tmut       Unusable   N/A       N/A         4
 Statue Form              Tmut/Erth      Unusable   N/A       N/A         6
 Dragon Form              Tmut           Unusable   N/A       N/A         7

Dungeon Overview and Level Annotations

Branches:
Dungeon (15/15)            Temple (0/1) D:5            Lair (5/5) D:9
  Swamp (4/4) Lair:3       Spider (4/4) Lair:3        Slime (0/5) Lair:5
    Orc (2/2) D:10            Elf (3/3) Orc:2        Vaults (5/5) D:14
  Crypt (3/3) Vaults:3       Tomb (0/3) Crypt:3      Depths (4/4) D:15
    Zot (5/5) Depths:4    Ossuary (visited)           IceCv (visited)
Gauntlet (visited)

Altars:
Ashenzari
Fedhas
Kikubaaqudgha
Makhleb
Nemelex Xobeh
Sif Muna
Trog
Uskayaw
Wu Jian
Xom
Jiyva
Lugonu

Shops:
D:2 [   D:4 :   D:7 (   D:14 *   Orc:2 (?=*[   Elf:1 [**([*   Elf:3 ==:
Vaults:1 (   Vaults:3 !   Vaults:5 :   Depths:3 [

Portals:
Hell: Depths:1 Depths:2 Depths:3 Depths:4
Abyss: Lair:5 Depths:1 Depths:3
Pandemonium: Orc:2 Depths:2
Ziggurat: Depths:2

Annotations:
Zot:4 3 runed translucent doors, Jofris Vesimp's ghost, legendary GnFE


Innate Abilities, Weirdness & Mutations

You are immune to poison.
You have sharp fingernails.
Your flesh is cold resistant. (rC+)
You are immune to negative energy. (rN+++)
You do not regenerate when monsters are visible.
You are immune to unholy pain and torment.
You thrive by killing the living.


Message History

(V) Vaults (C) Crypt (W) Tomb (U) Depths (H) Hell (Z) Zot
Where to? (Enter - D:1, ? - help)
A demonspawn blood saint, a blizzard demon and a demonspawn black sun come into view.
The demonspawn black sun is wielding a +0 demon blade of electrocution.
Things that are here:
a +0 scale mail; a +0 dagger The blizzard demon shouts!
The demonspawn black sun shouts!
There is a stone staircase leading up here.
The demonspawn blood saint calls on the powers of chaos!
The blizzard demon is filled with an inner flame.
The demonspawn black sun suddenly seems more resistant.
You climb upwards.
There is a stone staircase leading down here.
(D) Dungeon (T) Temple (L) Lair (S) Swamp (N) Spider Nest (M) Slime Pits (O) Orcish Mines (E) Elven Halls (V) Vaults (C) Crypt (W) Tomb (U) Depths (H) Hell (Z) Zot
Where to? (Enter - D:1, ? - help)
Things that are here:
a +0 robe; a +0 dagger You see here a +0 short sword of venom.
Items here: ))) [.
There is a stone staircase leading up here.
You climb upwards.
There is a stone staircase leading down here.
There is an open door here.
There is a stone staircase leading up here.
You climb upwards.
There is a stone staircase leading down here.
There is a stone staircase leading up here.
You climb upwards.
There is a stone staircase leading down here.
There is a stone staircase leading up here.
You climb upwards.
There is a stone staircase leading down here.
You see here a +0 club.
There is a staircase leading out of the dungeon here.
You see here a +0 club.
You have escaped!

.#####...#.#####
....######)#...####
.........#.#.#.#..#
...........###.##.#
..................#
.....)#'##.....##'#
.....>'.###.......#
......### ####.##.#
....###### #.#.#@.#
.####....# #.!.####
.# #....#######
.####.......#
..........#.#
........###.###
........#.....#
####....#.....#
####..........#


There were no monsters in sight!

Vanquished Creatures
  3 dread liches
  11 orbs of fire
  3 ancient liches
  Mennas (Crypt:2)
  Mara (Depths:2)
  A juggernaut (Depths:2)
  Boris (twice) (Vaults:5 D:6)
  Josephina (Crypt:1)
  Vv (Crypt:3)
  the Lernaean hydra (Swamp:4)
  5 Killer Klowns
  3 curse toes
  Saint Roka (Orc:2)
  Bai Suzhen (Swamp:4)
  A caustic shrike (Depths:2)
  The ghost of Jyecw the Fencer, a veteran MiFi of Qazlal (Depths:1)
  Nikola (Spider:4)
  6 golden dragons
  A bone dragon (Depths:4)
  5 electric golems
  15 tentacled monstrosities
  9 liches
  14 quicksilver dragons
  Asterion (Elf:2)
  4 deep elf master archers (Elf:3)
  6 deep elf blademasters
  A walking frostbound tome (Depths:4)
  28 Orb Guardians
  13 acid blobs
  8 titans
  Frances (D:14)
  A tentacled starspawn (Abyss:3)
  5 sphinxes
  24 storm dragons
  Agnes (D:14)
  9 ancient champions
  8 death cobs
  Roxanne (D:15)
  Donald (Vaults:3)
  2 shadow dragons
  10 draconian monks
  3 fenstrider witches (Swamp:3)
  7 fire giants
  8 draconian knights
  5 revenants
  12 tengu reavers
  Louise (Spider:4)
  A balrug (Depths:4)
  13 frost giants
  4 emperor scorpions
  2 deep elf elementalists (Elf:3)
  9 ghost moths
  7 deep elf sorcerers
  3 iron dragons
  19 vault wardens
  8 draconian scorchers
  2 curse skulls
  6 ghouls
  2 spriggan defenders (Depths:3)
  9 draconian stormcallers
  5 draconian shifters
  5 caustic shrike skeletons (Crypt:3)
  17 ironbound preservers
  10 draconian annihilators
  18 stone giants
  2 orc warlords
  A quicksilver ooze (shapeshifter) (Vaults:5)
  28 very ugly things
  A juggernaut skeleton (Crypt:3)
  A reaper (Crypt:2)
  5 ironbound thunderhulks
  5 eleionomae
  9 vampire knights
  3 war gargoyles
  3 dire elephants (Vaults:1)
  13 black draconians
  3 deep elf demonologists
  The ghost of safid the Frost Mage, a journeyman MfIE of Vehumet (Lair:4)
  A minotaur (Gauntlet)
  A broodmother (Spider:4)
  16 white draconians
  13 green draconians
  9 deep elf annihilators
  4 bunyips
  17 red draconians
  23 yellow draconians
  A lorocyproca (Abyss:3)
  11 ettins
  12 spark wasps
  16 purple draconians
  4 eidola
  12 deep elf death magi
  3 mummy priests (Crypt:2)
  12 yaktaur captains
  3 entropy weavers
  14 jiangshi
  6 deep elf high priests
  10 fire dragons
  A shambling mangrove (Swamp:4)
  A hell beast (Depths:2)
  29 vault guards
  2 peacekeepers
  9 great orbs of eyes
  A fenstrider witch zombie (Crypt:2)
  9 ice dragons
  8 ogre magi
  21 hydras
  7 spriggan air magi
  2 ghost crabs
  4 rakshasas
  23 centaur warriors
  A salamander tyrant (Depths:1)
  2 spriggan skeletons (Crypt:3)
  A catoblepas (Lair:3)
  2 jorogumos
  A radroach (Spider:3)
  15 ironbound frosthearts
  3 demonspawn (Orc:2)
  2 death knights
  3 deep troll shamans
  31 dancing weapons
  8 two-headed ogres
  9 alligators
  9 boulder beetles
  9 deep troll earth magi
  7 vampire magi
  7 death scarabs (Spider:4)
  5 tengu warriors
  8 orc high priests
  3 hell hogs (D:10)
  An Orb Guardian skeleton (Crypt:2)
  6 spriggan berserkers
  Urug (Lair:2)
  4 thrashing horrors
  The ghost of avis the Transmogrifier, a journeyman VSTm of Okawaru (Lair:1)
  22 deep elf knights
  2 sun demons
  3 soul eaters
  An emperor scorpion zombie (Crypt:1)
  A wretched star (Gauntlet)
  5 shadow wraiths
  9 hell knights
  2 skysharks
  2 salamander mystics (Depths:1)
  An anaconda zombie (Crypt:2)
  3 iron trolls (Depths:2)
  38 skeletal warriors
  2 sea snakes (shapeshifter)
  4 sun moths
  A ghost moth zombie (Crypt:2)
  10 pharaoh ants
  A spark wasp zombie (Depths:3)
  A death drake (Swamp:4)
  5 titan skeletons (Crypt:3)
  38 deep trolls
  4 glowing orange brains
  3 spriggan druids
  9 swamp dragons
  9 bog bodies
  5 goliath frogs
  An obsidian statue (Zot:5)
  24 deep elf archers
  9 flayed ghosts
  A swamp dragon (shapeshifter) (Vaults:5)
  8 wizards
  13 orb spiders
  25 deep elf pyromancers
  8 lindwurms
  A broodmother zombie (Spider:4)
  8 steelbarb worms
  9 orc knights
  39 deep elf zephyrmancers
  5 necromancers
  13 phantasmal warriors
  A spectral wolf spider (Spider:4)
  14 ironbound convokers
  An orange crystal statue (IceCv)
  An oklob plant (Zot:4)
  A spectral fire dragon (Crypt:2)
  A stone giant zombie (Crypt:1)
  6 wolf spiders
  A frost giant zombie (Crypt:1)
  11 orc sorcerers
  40 ugly things
  8 large abominations
  5 salamanders (Depths:1)
  4 will-o-the-wisps
  A wolf spider zombie (Spider:4)
  2 cyclopes
  The ghost of turdburglar the Sneak, a novice GrBr of Gozag (D:6)
  3 manticores (D:13)
  A worldbinder (Abyss:3)
  2 rust devils
  A stone giant skeleton (Crypt:3)
  A naga zombie (Crypt:2)
  A titan simulacrum (Depths:3)
  5 elephants
  4 black mambas
  11 demonic crawlers
  16 vault sentinels
  35 moths of wrath
  2 centaur zombies
  An apocalypse crab (Abyss:3)
  8 cane toads
  A naga mage (D:15)
  2 gargoyles
  5 smoke demons
  An unseen horror (shapeshifter) (D:15)
  6 torpor snails
  A torpor snail (shapeshifter) (Vaults:5)
  A yaktaur zombie (Vaults:3)
  A centaur skeleton (Crypt:3)
  An unseen horror (D:12)
  A hellion (Zot:4)
  6 komodo dragons
  2 spectral redbacks (Spider:4)
  4 freezing wraiths
  2 minotaur zombies
  20 rime drakes
  26 yaktaurs
  An alligator snapping turtle skeleton (Crypt:3)
  4 redback zombies (Spider:4)
  An ancient zyme (Lair:5)
  2 ice devils
  A catoblepas zombie (Crypt:2)
  A red draconian skeleton (Crypt:3)
  A red devil (D:8)
  17 polar bears
  8 trolls
  A queen bee (D:13)
  A troll (shapeshifter) (Elf:2)
  13 meliai
  A meliai (shapeshifter) (Elf:1)
  A tarantella (shapeshifter) (Elf:1)
  27 tarantellas
  Grinder (D:5)
  28 blink frogs
  4 spectral tarantellas (Spider:4)
  A tengu simulacrum (Depths:3)
  7 tyrant leeches
  12 hornets
  A spectral jumping spider (Spider:4)
  A dream sheep (shapeshifter) (Depths:4)
  A fire giant simulacrum (Depths:3)
  5 dream sheep (Lair:3)
  2 boulder beetle zombies
  29 slime creatures
  5 harpy skeletons
  30 jumping spiders
  An ice dragon skeleton (Crypt:3)
  A jumping spider zombie (Spider:4)
  5 flying skulls (Crypt:2)
  A meliai zombie (D:15)
  14 spriggans
  An ettin skeleton (Crypt:3)
  A dire elephant simulacrum (Crypt:1)
  18 culicivoras
  3 vampires
  3 wraiths
  56 yaks
  An air elemental (Elf:2)
  2 spriggans (shapeshifter)
  5 water elementals
  A culicivora (shapeshifter) (Elf:2)
  A hog (D:8)
  7 wyverns
  3 ynoxinuls
  2 shadows
  4 fire elementals
  A basilisk (shapeshifter) (Vaults:5)
  2 steam dragons
  A human (D:8)
  6 basilisks
  4 vampire mosquitoes
  5 neqoxecs
  7 chaos spawn
  46 redbacks
  13 swamp worms
  A demonspawn zombie (Crypt:2)
  2 wargs
  A harpy simulacrum (Crypt:1)
  An entropy weaver zombie (Vaults:3)
  2 acid dragons
  14 water moccasins
  2 floating eyes
  3 naga skeletons (Crypt:3)
  A floating eye (shapeshifter) (Vaults:3)
  8 swamp drakes
  4 sky beasts
  4 black bears
  31 orc warriors
  A hornet zombie (Crypt:1)
  4 ice beasts
  5 boggarts (Vaults:2)
  3 wolves (Lair:3)
  10 ogres
  A boggart (shapeshifter) (Zot:3)
  8 centaurs
  A manticore skeleton (Crypt:1)
  A salamander zombie (Crypt:1)
  2 phantoms (D:4)
  2 kobold brigands
  3 elf zombies (Ossuary)
  An earth elemental (Elf:1)
  12 small abominations
  15 bullfrogs
  A scorpion (D:5)
  A wyvern zombie (Crypt:2)
  A human skeleton (Vaults:3)
  A gnoll sergeant (D:9)
  4 necrophages (Lair:2)
  29 wights
  A polar bear zombie (Crypt:3)
  A swamp dragon simulacrum (Crypt:1)
  The ghost of wingedge the Digger, a weakling DgWn (D:3)
  25 killer bees
  4 howler monkeys
  A yak skeleton (Crypt:3)
  9 electric eels
  2 lava snakes (Lair:1)
  A quasit (Abyss:3)
  A water moccasin simulacrum (D:6)
  23 orc priests
  A hound (D:6)
  18 jellies
  A sleepcap (D:4)
  Ijyb (D:5)
  16 orc wizards
  4 iguanas
  A boggart skeleton (Crypt:3)
  3 centaur simulacra
  2 ogre skeletons (Crypt:2)
  A boggart simulacrum (D:14)
  3 mummies
  2 killer bee simulacra (D:6)
  Robin (D:2)
  4 adders
  16 gnolls
  A shadow imp (D:6)
  4 white imps
  An ufetubus (D:14)
  An adder zombie (Ossuary)
  An adder skeleton (Crypt:1)
  A worm (D:3)
  5 dart slugs
  87 orcs
  6 bats
  5 endoplasms
  2 giant cockroaches
  18 goblins
  7 hobgoblins
  3 jackals (D:5)
  12 kobolds
  3 quokkas
  A river rat zombie (Crypt:2)
  3 training dummies (D:7)
  9 ball pythons
  3 frilled lizards
  4 goblin zombies (Ossuary)
  11 hobgoblin zombies
  3 jackal zombies (Ossuary)
  11 kobold zombies (Ossuary)
  7 orc zombies
  8 rats
  A rat zombie (Crypt:1)
  A butterfly (Lair:4)
  2 starspawn tentacles (Abyss:3)
2487 creatures vanquished.

Vanquished Creatures (others)
  A draconian knight (Zot:4)
  A fire giant (Depths:4)
  A red draconian (Zot:4)
  A fire dragon (Zot:3)
  A deep elf knight (Elf:2)
  An orb spider (Spider:4)
  A will-o-the-wisp (Swamp:1)
  4 bloated husks
  A jumping spider zombie (Spider:4)
  A slime creature (Vaults:3)
  A redback (Spider:4)
  A swamp worm (Swamp:3)
  A jelly (Zot:4)
  An orc (Vaults:5)
  4 foxfires (Swamp:2)
21 creatures vanquished.

Grand Total: 2508 creatures vanquished

Notes
Turn   | Place    | Note
-------+----------+-------------------------------------------
     0 | D:1      | LordWeiramon the Ghoul Wanderer began the quest for the
                  | Orb.
     0 | D:1      | LordWeiramon set off with the following items: a +0 club, a
                  | wand of polymorph (5), a scroll of blinking, a +0 leather
                  | armour, a scroll of teleportation; and the following spells
                  | available to memorise: Necrotise, Kiss of Death, Cigotuvi's
                  | Dreadful Rot.
     0 | D:1      | Reached XP level 1. HP: 14/14 MP: 2/2
     3 | D:1      | Learned a level 1 spell: Necrotise
    91 | D:1      | Reached skill level 1 in Unarmed Combat
   227 | D:1      | Reached XP level 2. HP: 20/20 MP: 1/3
   405 | D:1      | Reached skill level 2 in Unarmed Combat
   624 | D:1      | Reached skill level 1 in Fighting
   930 | D:2      | Reached XP level 3. HP: 25/28 MP: 1/4
  1054 | D:2      | Noticed Robin
  1162 | D:2      | Found Gione's Antique Armour Shop.
  1198 | D:2      | Reached skill level 3 in Unarmed Combat
  1373 | D:2      | Reached XP level 4. HP: 35/35 MP: 5/5
  1623 | D:2      | Killed Robin
  1710 | D:2      | Reached skill level 4 in Unarmed Combat
  1893 | D:3      | Found a runed translucent gate.
  1895 | D:3      | Found a runed translucent gate.
  1896 | D:3      | Found a runed translucent gate.
  1896 | D:3      | Noticed wingedge's ghost (weakling DgWn)
  2073 | D:2      | Bought a shiny ring mail for 217 gold pieces
  2369 | D:3      | Reached XP level 5. HP: 39/40 MP: 6/6
  2713 | D:4      | Found a burning altar of Makhleb.
  2742 | D:4      | Found an ornate altar of the Wu Jian Council.
  2751 | D:4      | Found a blossoming altar of Fedhas.
  2751 | D:4      | Found a sparkling altar of Nemelex Xobeh.
  2764 | D:4      | Found a broken altar of Ashenzari.
  2772 | D:4      | Became a worshipper of Ashenzari the Shackled
  2854 | D:4      | Found Maiqy's Book Shop.
  2856 | D:4      | Noticed a phantom
  2866 | D:4      | Killed a phantom
  2867 | D:4      | Reached skill level 5 in Unarmed Combat
  3019 | D:4      | Reached skill level 6 in Unarmed Combat
  3019 | D:4      | Reached XP level 6. HP: 41/47 MP: 7/7
  3126 | D:4      | Noticed a black bear
  3128 | D:4      | Killed a black bear
  3282 | D:4      | Reached XP level 7. HP: 57/57 MP: 8/8
  3337 | D:4      | Reached skill level 7 in Unarmed Combat
  3446 | D:3      | Killed wingedge's ghost
  3518 | D:5      | Entered Level 5 of the Dungeon
  3767 | D:5      | Found a staircase to the Ecumenical Temple.
  3796 | D:5      | Noticed Ijyb
  3797 | D:5      | Killed Ijyb
  3798 | D:5      | Reached skill level 8 in Unarmed Combat
  3988 | D:4      | Reached * piety under Ashenzari
  4054 | D:5      | Noticed Grinder
  4056 | D:5      | Killed Grinder
  4057 | D:5      | Reached skill level 5 in Fighting
  4057 | D:5      | Reached XP level 8. HP: 69/69 MP: 9/9
  4228 | D:6      | Reached skill level 9 in Unarmed Combat
  4302 | D:6      | Identified the ring of Hoezat {Fire Dex+5 Stlth-}
  4483 | D:6      | Noticed turdburglar's ghost (novice GrBr)
  4572 | D:6      | Found a runed translucent gate.
  4572 | D:6      | Found a runed translucent gate.
  4572 | D:6      | Found a runed translucent gate.
  4690 | D:6      | Reached ** piety under Ashenzari
  5137 | D:6      | Reached skill level 1 in Shields
  5396 | D:7      | Found a sand-covered staircase.
  5404 | Ossuary  | Entered an ossuary
  5492 | Ossuary  | Reached XP level 9. HP: 74/74 MP: 10/10
  5998 | D:7      | Found Ewyuz's Firing Range.
  6007 | D:7      | Bought 2 throwing nets for 72 gold pieces
  6047 | D:7      | Reached skill level 1 in Armour
  6509 | D:8      | Reached *** piety under Ashenzari
  6559 | D:8      | Identified the +1 pair of boots "Buirphero" {rN+ Str+5
                  | Int+3}
  6915 | D:8      | Reached skill level 5 in Armour
  6956 | D:8      | Found a shimmering blue altar of Sif Muna.
  7055 | D:8      | Reached skill level 1 in Dodging
  7069 | D:8      | Reached XP level 10. HP: 79/81 MP: 11/11
  7094 | D:8      | Reached skill level 5 in Dodging
  7607 | D:9      | Reached **** piety under Ashenzari
  8058 | D:9      | Reached XP level 11. HP: 78/88 MP: 12/12
  8217 | D:9      | Found a staircase to the Lair.
  8329 | D:9      | Reached skill level 10 in Dodging
  8714 | D:10     | Entered Level 10 of the Dungeon
  8723 | D:10     | Noticed a two-headed ogre
  8727 | D:10     | Killed a two-headed ogre
  8821 | D:10     | Noticed an orc knight
  8829 | D:10     | Killed an orc knight
  8830 | D:10     | Reached skill level 10 in Unarmed Combat
  8924 | D:10     | Found a staircase to the Orcish Mines.
  9982 | D:11     | Found a broken altar of Ashenzari.
 10226 | D:11     | Noticed a tengu warrior
 10262 | D:11     | Killed a tengu warrior
 11327 | D:12     | Noticed a boulder beetle
 11358 | D:12     | Killed a boulder beetle
 11359 | D:12     | Reached skill level 11 in Unarmed Combat
 11359 | D:12     | Reached XP level 12. HP: 66/96 MP: 13/13
 11782 | D:12     | Reached skill level 12 in Unarmed Combat
 12226 | Lair:1   | Entered Level 1 of the Lair of Beasts
 12549 | Lair:1   | Found a runed translucent door.
 12552 | Lair:1   | Found a shimmering altar of Xom.
 12552 | Lair:1   | Noticed avis's ghost (journeyman VSTm)
 13498 | Lair:2   | Noticed Urug
 13506 | Lair:2   | Killed Urug
 13551 | Lair:2   | Reached skill level 10 in Fighting
 13911 | Lair:2   | Reached skill level 13 in Unarmed Combat
 14108 | Lair:2   | Reached XP level 13. HP: 108/113 MP: 14/14
 14537 | Lair:3   | Reached skill level 14 in Unarmed Combat
 14756 | Lair:3   | Found a staircase to the Swamp.
 14877 | Lair:3   | Reached skill level 15 in Unarmed Combat
 15799 | Lair:3   | Found a hole to the Spider Nest.
 16322 | Lair:4   | Found a transporter.
 16325 | Lair:4   | Found a transporter.
 16326 | Lair:4   | Found a bloodstained altar of Trog.
 16326 | Lair:4   | Noticed safid's ghost (journeyman MfIE)
 16610 | Lair:4   | Reached skill level 10 in Armour
 16916 | Lair:5   | Entered Level 5 of the Lair of Beasts
 17238 | Lair:5   | Reached XP level 14. HP: 121/121 MP: 15/15
 17325 | Lair:5   | Found a staircase to the Slime Pits.
 17329 | Lair:5   | Found a viscous altar of Jiyva.
 17696 | Lair:5   | Reached skill level 5 in Shields
 18348 | Lair:5   | Found a corrupted altar of Lugonu.
 18348 | Lair:5   | Found a one-way gate to the infinite horrors of the Abyss.
 18910 | D:6      | Killed turdburglar's ghost
 19420 | D:13     | Found a gate leading to a gauntlet.
 19430 | Gauntlet | Entered a Gauntlet
 19430 | Gauntlet | Found a transporter.
 19430 | Gauntlet | Found a transporter.
 19430 | Gauntlet | Found a transporter.
 19450 | Gauntlet | Found a transporter.
 19450 | Gauntlet | Found the +5 scythe "Finisher" {speed, execute}
 19464 | Gauntlet | Found a transporter.
 19468 | Gauntlet | Found a transporter.
 19482 | Gauntlet | Found a transporter.
 19503 | Gauntlet | Found a transporter.
 19504 | Gauntlet | Identified the +3 cloak of Hysteria {-Cast Harm rCorr}
 19516 | Gauntlet | Found a transporter.
 19520 | Gauntlet | Found a transporter.
 19532 | Gauntlet | Found a transporter.
 19536 | Gauntlet | Found a transporter.
 19670 | Gauntlet | Identified the +9 whip of Kindness {heavy, +Blink rN+
                  | Will+++ Dex-5}
 19884 | D:13     | Reached skill level 5 in Evocations
 20276 | D:13     | Found a hide-covered altar of Uskayaw.
 21411 | D:14     | Found Xogefexy's General Store.
 21601 | D:14     | Noticed Agnes
 21602 | D:14     | Found a frozen archway.
 21612 | D:14     | Killed Agnes
 21613 | D:14     | Reached XP level 15. HP: 119/132 MP: 18/18
 21639 | IceCv    | Entered an ice cave
 21862 | IceCv    | Reached skill level 10 in Shields
 22336 | IceCv    | Noticed a frost giant
 22336 | IceCv    | Noticed a frost giant
 22367 | IceCv    | Killed a frost giant
 22379 | IceCv    | Killed a frost giant
 22710 | D:14     | Found a gate to the Vaults.
 22836 | D:14     | Noticed Frances
 22842 | D:14     | Bought a scroll of teleportation for 45 gold pieces
 22842 | D:14     | Bought a potion of invisibility for 120 gold pieces
 22842 | D:14     | Bought a wand of light (3) for 189 gold pieces
 22857 | D:14     | Killed Frances
 23310 | D:15     | Entered Level 15 of the Dungeon
 23398 | D:15     | Reached ***** piety under Ashenzari
 23459 | D:15     | Identified Roxanne's Spellbook of the Crater
 23459 | D:15     | Noticed Roxanne
 24088 | D:15     | Killed Roxanne
 24119 | D:15     | Reached skill level 16 in Unarmed Combat
 24150 | D:15     | Reached XP level 16. HP: 139/139 MP: 19/19
 24153 | D:15     | Found a staircase to the Depths.
 24287 | Orc:1    | Entered Level 1 of the Orcish Mines
 24402 | Orc:2    | Entered Level 2 of the Orcish Mines
 25041 | Orc:2    | Found Negopnom's Weapon Shoppe.
 25211 | Orc:2    | Found Kuom's Magic Scroll Shop.
 25283 | Orc:2    | Found Kerac's General Store.
 25365 | Orc:2    | Bought 2 potions of cancellation for 256 gold pieces
 25365 | Orc:2    | Bought a potion of curing for 48 gold pieces
 25433 | Orc:2    | Found a staircase to the Elven Halls.
 25536 | Orc:2    | Noticed Saint Roka
 25616 | Orc:2    | Killed Saint Roka
 25617 | Orc:2    | Reached skill level 17 in Unarmed Combat
 26084 | Orc:2    | Reached skill level 18 in Unarmed Combat
 26312 | Orc:2    | Found Toxo Pumu's Jewellery Shoppe.
 26312 | Orc:2    | Found Dosaum's Antique Armour Emporium.
 26313 | Orc:2    | Found a one-way gate leading to the halls of Pandemonium.
 26317 | Orc:2    | Bought an ichor-stained chain mail for 237 gold pieces
 26317 | Orc:2    | Identified the +7 chain mail of Perfidy {rC+++ Int-2} (You
                  | bought it in a shop on level 2 of the Orcish Mines)
 26561 | Swamp:1  | Entered Level 1 of the Swamp
 27236 | Swamp:1  | Reached skill level 19 in Unarmed Combat
 28329 | Swamp:2  | Reached XP level 17. HP: 136/151 MP: 20/20
 28781 | Swamp:3  | Identified the +1 dagger of Sebouten {speed, *Corrode Drain
                  | rElec rC+++}
 29272 | Swamp:3  | Paralysed by a fenstrider witch for 5 turns
 29523 | Swamp:4  | Entered Level 4 of the Swamp
 29961 | Swamp:4  | Noticed Bai Suzhen
 29973 | Swamp:4  | Killed Bai Suzhen
 30374 | Swamp:4  | Noticed the 27-headed Lernaean hydra
 30668 | Swamp:4  | Killed the 27-headed Lernaean hydra
 30777 | Swamp:4  | Got a decaying rune of Zot
 31142 | Spider:1 | Entered Level 1 of the Spider Nest
 32049 | Spider:1 | Reached XP level 18. HP: 167/167 MP: 21/21
 34676 | Spider:4 | Entered Level 4 of the Spider Nest
 34809 | Spider:4 | Identified the Compendium of Creation and Hyperthermia
 34998 | Spider:4 | Identified the +0 robe of Claustrophobia {-Tele Rampage
                  | rElec}
 35171 | Spider:4 | Noticed Nikola
 35259 | Spider:4 | Killed Nikola
 35664 | Spider:4 | Reached skill level 20 in Unarmed Combat
 35687 | Spider:4 | Noticed Louise
 35975 | Spider:4 | Killed Louise
 36060 | Spider:4 | Reached XP level 19. HP: 171/173 MP: 1/22
 36851 | Spider:4 | Identified the +0 pair of boots "Fiweon" {rPois rC++ rCorr
                  | Dex-3}
 36886 | Spider:4 | Got a gossamer rune of Zot
 37264 | Orc:2    | Bought a scroll of enchant armour for 112 gold pieces
 37264 | Orc:2    | Bought 2 scrolls of enchant armour for 225 gold pieces
 37264 | Orc:2    | Bought a scroll of enchant armour for 112 gold pieces
 37264 | Orc:2    | Bought a scroll of acquirement for 780 gold pieces
 37264 | Orc:2    | Acquired 700 gold pieces
 37437 | Lair:1   | Reached skill level 21 in Unarmed Combat
 37447 | Lair:1   | Killed avis's ghost
 37540 | Lair:4   | Killed safid's ghost
 37838 | Elf:1    | Entered Level 1 of the Elven Halls
 37987 | Elf:1    | Found Tollu's Antique Armour Boutique.
 38044 | Elf:1    | Found Seypnami's Gadget Gallery.
 38055 | Elf:1    | Bought a wand of flame (6) for 84 gold pieces
 38055 | Elf:1    | Bought a wand of iceblast (4) for 192 gold pieces
 38055 | Elf:1    | Bought a wand of flame (8) for 112 gold pieces
 38055 | Elf:1    | Bought a wand of iceblast (1) for 48 gold pieces
 38163 | Elf:1    | Found Hyajot's Weapon Boutique.
 38176 | Elf:1    | Found Kakasoc's Assorted Antiques.
 38176 | Elf:1    | Found Ystroa's General Store.
 38315 | Elf:1    | Found Ommar's Antique Armour Shop.
 38318 | Elf:1    | Bought a potion of cancellation for 296 gold pieces
 38318 | Elf:1    | Bought a potion of heal wounds for 185 gold pieces
 38318 | Elf:1    | Bought a potion of resistance for 370 gold pieces
 38324 | Elf:1    | Bought a scroll of teleportation for 30 gold pieces
 38324 | Elf:1    | Bought a potion of heal wounds for 50 gold pieces
 38324 | Elf:1    | Bought a scroll of teleportation for 30 gold pieces
 38842 | Elf:1    | Reached skill level 22 in Unarmed Combat
 39109 | Elf:2    | Paralysed by an air elemental for 1 turns
 39814 | Elf:2    | Found a runed translucent gate.
 39826 | Elf:2    | Found a runed translucent gate.
 39828 | Elf:2    | Found a runed translucent gate.
 39901 | Elf:2    | Reached skill level 23 in Unarmed Combat
 40097 | Elf:2    | Noticed Asterion
 40143 | Elf:2    | Killed Asterion
 40581 | Elf:2    | Reached XP level 20. HP: 182/182 MP: 23/23
 41106 | Orc:2    | Bought the +2 pair of gloves of an ice cave {-Cast Rampage
                  | Dex+3} for 332 gold pieces
 41235 | Elf:3    | Entered Level 3 of the Elven Halls
 41396 | Elf:3    | Identified the +8 rapier "Huehaqu" {elec, rC++ Int-4 Dex+3}
 41518 | Elf:3    | Reached skill level 24 in Unarmed Combat
 41631 | Elf:3    | Found Liavoypa's Jewellery Emporium.
 41632 | Elf:3    | Found Pedo Coova's Book Boutique.
 41634 | Elf:3    | Found Beemones's Jewellery Emporium.
 41643 | Elf:3    | Bought the ring of the Hare {EV+10} for 1408 gold pieces
 41643 | Elf:3    | Found the ring of the Hare {EV+10}
 41649 | Elf:3    | Bought the brooch of Shielding {Spirit SH+8} for 715 gold
                  | pieces
 41649 | Elf:3    | Found the brooch of Shielding {Spirit SH+8}
 41893 | Elf:3    | Identified the Codex of Percussion
 43081 | Elf:3    | Reached skill level 15 in Fighting
 43289 | Abyss:3  | Cast into level 3 of the Abyss (a deep elf sorcerer)
 43310 | Elf:3    | Escaped the Abyss
 43499 | Abyss:3  | Found a corrupted altar of Lugonu.
 43499 | Abyss:3  | Cast into level 3 of the Abyss (a deep elf demonologist)
 43533 | Abyss:3  | Found a corrupted altar of Lugonu.
 43723 | Elf:3    | Escaped the Abyss
 43788 | Abyss:3  | Cast into level 3 of the Abyss (a deep elf demonologist)
 43841 | Abyss:3  | Found a corrupted altar of Lugonu.
 43880 | Elf:3    | Escaped the Abyss
 43978 | Elf:3    | Identified the Tome of Fulgent Cold
 44049 | Elf:3    | Identified the ring of Ubboogh {rF+ rC+ rN+ SInv}
 44126 | Elf:3    | Identified the staff of poison "Hiot" {rElec rPois Str+4
                  | Int+5 Stlth-}
 44129 | Elf:3    | Identified the +6 great mace of Peace {flame, rPois rC++
                  | rN+++ Int-3}
 44131 | Elf:3    | Identified the staff of earth "Zusoy" {rPois rN+}
 44145 | Elf:3    | Found the +10 Black Knight's barding {ponderous, rPois rN+}
 44183 | Elf:3    | Identified the ring of Arghis {rElec rC+++ Int+6 SInv
                  | Stlth-}
 44183 | Elf:3    | Identified the +1 sling of Ruination {antimagic, rF- Dex+8}
 44183 | Elf:3    | Identified the staff of poison "Effah" {rPois Str+3}
 44184 | Elf:3    | Identified the +6 war axe "Xoogoawk" {flame, Fly rF+ Str-5
                  | Dex+3}
 44184 | Elf:3    | Identified the amulet of Qobo {Spirit rPois rC+ rCorr
                  | Str-3}
 44193 | Elf:3    | Identified the +2 broad axe "Rosh" {drain, Drain rF- rC+
                  | Dex+7}
 44226 | Elf:3    | Identified the +11 chain mail of Enormous Birdsong {-Tele
                  | rF+++ rC++ Slay-3}
 44226 | Elf:3    | Identified the staff of conjuration "Hasol" {Fly rElec rC+
                  | Dex-5}
 44796 | Vaults:1 | Entered Level 1 of the Vaults
 44836 | Vaults:1 | Reached XP level 21. HP: 200/200 MP: 25/25
 45222 | Vaults:1 | Found Giarirgha's Weapon Boutique.
 46097 | Vaults:2 | Paralysed by a great orb of eyes for 3 turns
 47423 | Vaults:3 | Reached XP level 22. HP: 222/222 MP: 26/26
 47565 | Vaults:3 | Noticed Donald
 47591 | Vaults:3 | Killed Donald
 47669 | Vaults:3 | Found Vacyqoji's Distillery.
 47688 | Vaults:3 | Bought a potion of haste for 220 gold pieces
 47688 | Vaults:3 | Bought a potion of haste for 220 gold pieces
 47688 | Vaults:3 | Bought a potion of might for 88 gold pieces
 47688 | Vaults:3 | Bought 2 potions of invisibility for 352 gold pieces
 47688 | Vaults:3 | Bought a potion of cancellation for 176 gold pieces
 47910 | Vaults:3 | Paralysed by an ogre mage for 3 turns
 48013 | Vaults:3 | Found a staircase to the Crypt.
 49039 | Vaults:4 | Noticed a dread lich
 49056 | Vaults:4 | Killed a dread lich
 49112 | Vaults:4 | Noticed a golden dragon
 49118 | Vaults:4 | Killed a golden dragon
 49458 | Crypt:1  | Entered Level 1 of the Crypt
 49554 | Crypt:1  | Identified the ring "Zazicihut" {Ice +Blink rPois Dex-2
                  | SInv}
 49554 | Crypt:1  | Noticed Josephina
 49571 | Crypt:1  | Killed Josephina
 50117 | D:14     | Bought the scarf of the Lost Path {rC+ rF+, Regen+ rCorr}
                  | for 639 gold pieces
 50946 | Crypt:2  | Paralysed by a vampire knight for 4 turns
 50956 | Crypt:2  | Reached XP level 23. HP: 228/240 MP: 25/27
 51045 | Crypt:2  | Reached skill level 15 in Shields
 51045 | Crypt:2  | Identified the Secrets of Wicked Mysteries
 51212 | Crypt:2  | Noticed Mennas
 51320 | Crypt:2  | Killed Mennas
 51792 | Crypt:2  | Found an ancient bone altar of Kikubaaqudgha.
 51896 | Crypt:3  | Entered Level 3 of the Crypt
 52111 | Crypt:3  | Found a staircase to the Tomb.
 52158 | Crypt:3  | Identified the +3 shortbow of Satevon {flame, Dex+4}
 52194 | Crypt:3  | Noticed Vv
 52218 | Crypt:3  | Killed Vv
 52616 | Crypt:3  | Noticed a curse toe
 52626 | Crypt:3  | Killed a curse toe
 53196 | Crypt:3  | Noticed an ancient lich
 53206 | Crypt:3  | Killed an ancient lich
 53207 | Crypt:3  | Identified the Volume of the Traveller and the Sky
 53644 | Vaults:5 | Entered Level 5 of the Vaults
 53738 | Vaults:5 | Noticed a dread lich
 53743 | Vaults:5 | Reached XP level 24. HP: 249/249 MP: 27/27
 53762 | Vaults:5 | Paralysed by a dread lich for 2 turns
 53766 | Vaults:5 | Killed a dread lich
 53767 | Vaults:5 | Reached skill level 15 in Armour
 53948 | Vaults:5 | Noticed Boris
 53968 | Vaults:5 | Killed Boris
 54270 | Vaults:5 | Identified the +2 robe of Hepliaklqana's Hope {Harm Will+
                  | rCorr Str+3}
 54276 | Vaults:5 | Identified the ring "Zacwilif" {Dex+7 Slay+4}
 54375 | Vaults:5 | Acquired 980 gold pieces
 54404 | Vaults:5 | Got a silver rune of Zot
 54567 | Vaults:5 | Identified Vehumet's Annotations on Outbursts
 54838 | Vaults:5 | Found Bec Deits's Book Emporium.
 54838 | Vaults:5 | Identified the +3 giant spiked club "Enwyeb" {drain, rF+
                  | rCorr Dex+3 Stlth+}
 54952 | Vaults:5 | Identified the staff of earth "Goijajal" {rF+ Will+}
 54952 | Vaults:5 | Identified the staff of poison "Aneurghe" {rPois Dex+3}
 55369 | Vaults:5 | Reached skill level 25 in Unarmed Combat
 55735 | Depths:1 | Entered Level 1 of the Depths
 55761 | Depths:1 | Reached XP level 25. HP: 243/257 MP: 23/27
 56063 | Depths:1 | Found a portal to a secret trove of treasure.
 56148 | Depths:1 | Found a runed translucent door.
 56148 | Depths:1 | Noticed Jyecw's ghost (veteran MiFi)
 56182 | Depths:1 | Killed Jyecw's ghost
 56404 | Depths:1 | Found a gateway to Hell.
 56991 | D:2      | Bought the sphere of Battle for 2480 gold pieces
 56991 | D:2      | Found the sphere of Battle
 57310 | Depths:1 | You paid a toll of the sphere of Battle to enter a treasure
                  | trove
 57311 | Trove    | Entered a treasure trove
 57313 | Trove    | Found a bloodstained altar of Trog.
 57335 | Trove    | Identified the +1 sling "Curi" {freeze, Fragile rPois
                  | Str+9}
 57335 | Trove    | Identified the +4 hand axe "Getuc" {flame, rElec rCorr
                  | Int+4}
 57359 | Trove    | Identified the +7 long sword of the Glowing Gods
                  | {antimagic, rF+ Str+2}
 57359 | Trove    | Identified the +5 dagger of Qesu {speed, Str+3 Int+3}
 57635 | Depths:2 | Found a one-way gateway to a ziggurat.
 57705 | Depths:2 | Found a runed translucent door.
 57797 | Depths:2 | Noticed a juggernaut
 57833 | Depths:2 | Killed a juggernaut
 57970 | Depths:2 | Identified the +4 ring mail of Springtime {Harm}
 58032 | Depths:2 | Found a runed translucent door.
 58033 | Depths:2 | Found a runed translucent door.
 58269 | Depths:2 | Noticed Mara
 58283 | Depths:2 | Noticed LordWeiramon's illusion
 58287 | Depths:2 | Killed Mara
 58990 | Depths:3 | Found a burning altar of Makhleb.
 59167 | Depths:3 | Found a corrupted altar of Lugonu.
 59662 | Depths:3 | Reached XP level 26. HP: 266/266 MP: 27/27
 59734 | Depths:3 | Found Asue's Armour Shop.
 59854 | Depths:4 | Entered Level 4 of the Depths
 59907 | Depths:4 | Found a gate to the Realm of Zot.
 60136 | Depths:4 | Identified the orb "Coih" {*channel, Str+4 Stlth+}
 60832 | Depths:4 | Identified the ring "Zeuhoika" {Will+ Dex+3 Slay+5}
 60928 | Zot:1    | Entered Level 1 of the Realm of Zot
 60928 | Zot:1    | Noticed an orb of fire
 60956 | Zot:1    | Killed an orb of fire
 61087 | Zot:1    | Reached skill level 15 in Dodging
 61335 | Zot:1    | Identified Boogikh's Quarto of Heated Accomplices
 62064 | Vaults:3 | Bought a potion of curing for 66 gold pieces
 62064 | Vaults:3 | Bought a potion of curing for 66 gold pieces
 62395 | Elf:1    | Bought a wand of digging (6) for 932 gold pieces
 62395 | Elf:1    | Bought a scroll of silence for 351 gold pieces
 63093 | Zot:2    | Noticed an orb of fire
 63134 | Zot:2    | Killed an orb of fire
 63346 | Zot:2    | Noticed an orb of fire
 63367 | Zot:2    | Killed an orb of fire
 63471 | Zot:2    | Reached XP level 27. HP: 258/273 MP: 27/27
 63735 | Zot:2    | Identified the +2 chain mail of Disguise {rPois rCorr
                  | Str+2}
 64207 | Zot:3    | Noticed an ancient lich
 64219 | Zot:3    | Killed an ancient lich
 64528 | Zot:3    | Identified the +6 long sword "Xaxtodiy" {protect, Str+2}
 65431 | Zot:3    | Acquired 673 gold pieces
 65433 | Zot:3    | Acquired a manual of Evocations
 65435 | Zot:3    | Acquired 768 gold pieces
 66422 | Zot:4    | Found a runed translucent gate.
 66422 | Zot:4    | Found a runed translucent gate.
 66422 | Zot:4    | Found a runed translucent gate.
 66423 | Zot:4    | Noticed Jofris Vesimp's ghost (legendary GnFE)
 66424 | Zot:4    | Identified the +2 pair of gloves "Guemar" {rC++}
 67366 | Zot:5    | Entered Level 5 of the Realm of Zot
 67898 | Zot:5    | Noticed an orb of fire
 67920 | Zot:5    | Killed an orb of fire
 67920 | Zot:5    | Noticed an orb of fire
 67929 | Zot:5    | Killed an orb of fire
 67932 | Zot:5    | Noticed an orb of fire
 67932 | Zot:5    | Noticed an orb of fire
 67933 | Zot:5    | Noticed an orb of fire
 67950 | Zot:5    | Killed an orb of fire
 67957 | Zot:5    | Killed an orb of fire
 67958 | Zot:5    | Noticed an orb of fire
 67963 | Zot:5    | Killed an orb of fire
 67971 | Zot:5    | Killed an orb of fire
 68001 | Zot:5    | Noticed an orb of fire
 68001 | Zot:5    | Noticed an ancient lich
 68001 | Zot:5    | Noticed an orb of fire
 68015 | Zot:5    | Killed an orb of fire
 68030 | Zot:5    | Killed an ancient lich
 68043 | Zot:5    | Killed an orb of fire
 68107 | Zot:5    | Noticed a dread lich
 68116 | Zot:5    | Killed a dread lich
 69112 | Zot:5    | Got the Orb of Zot
 69153 | Zot:4    | Reached skill level 10 in Evocations
 69180 | Zot:3    | Noticed Pinoro the pandemonium lord
 69289 | Depths:3 | Noticed Litousy the pandemonium lord
 69391 | D:14     | Noticed Fiziar the pandemonium lord
 69535 | D:6      | Noticed Boris
 69544 | D:6      | Killed Boris
 69655 | D:$      | Escaped with the Orb!

Illustrated notes

Levels and vault maps discovered:
D:1:      onia_arrival_mini_spirals, layout_basic, minmay_crystal_room
D:2:      layout_basic, serial_shops, shop, uniq_robin
D:3:      layout_loops_ring, gammafunk_ghost_split, serial_park_tiny_pond,
          dk_noncrumbling_2
D:4:      layout_gridville, grunt_temple_overflow_open, serial_shops,
          nicolae_shop_statue_plus
D:5:      layout_rooms, minmay_temple_entry_water_ring, minmay_mini_ossuary,
          uniq_ijyb, uniq_grinder
D:6:      layout_cave_pods, gammafunk_ghost_icy
D:7:      layout_basic, lightli_ossuary_entry_decrepit_ruins,
          chequers_serial_rivers_small_a, nicolae_shop_firing_range
D:8:      layout_basic, mainiacjoe_overflow_small_starburst, grunt_livestock,
          nicolae_straight_to_the_point
D:9:      layout_roguey, david_lair_shrubbed, chequers_serial_rivers_marsh,
          water_maze_lemuel
D:10:     layout_gridville, orc_0_dummy, minmay_microvault
D:11:     layout_basic, evilmike_ruin_ashenzari
D:12:     layout_big_octagon
D:13:     layout_layer_cave, special_room [special_room_bee],
          gauntlet_entry_generic, nicolae_uskayaw_en_pointe
D:14:     layout_long_grid, david_vaults_2, serial_shops, shop, serial_ice,
          serial_ice_l, serial_ice_m, serial_ice_n, serial_ice_a, serial_ice_f,
          serial_ice_b, portal_ice_cave_entry_pillars_four,
          kennysheep_pointless_box, minivault_10,
          hangedman_abyss_or_decor_slice, st_stairs_2, minivault_22,
          uniq_frances, uniq_agnes
D:15:     grunt_enter_depths_magical_seal, layout_basic, columned_hall_lemuel,
          nicolae_burly_brawl, uniq_roxanne
Lair:1:   layout_roguey, ebering_ghost_xom, minmay_holes,
          nicolae_lair_liquid_snakes, lemuel_fruit_tree
Lair:2:   layout_loops_ring, serial_forest, infiniplex_forest_zigzag_1,
          infiniplex_forest_clump_medium, infiniplex_forest_lined_corner,
          infiniplex_forest_straight_2, infiniplex_forest_clump_tiny,
          infiniplex_forest_straight_4, infiniplex_forest_lined_1,
          infiniplex_forest_lined_2, infiniplex_forest_lined_3_way,
          roderic_carrion_pond, infiniplex_staircase_pool_2, uniq_urug
Lair:3:   layout_gridlike, nicolae_swamp_entry_splash_gauntlet,
          spider_nest_entry_webs, cheibrodos_lair_reptile_den,
          serial_bayou_shore_a
Lair:4:   layout_cave_pods, gammafunk_ghost_wrathful_warriors,
          lemuel_fruit_fields, grunt_megastairs_4
Lair:5:   hellmonk_lair_end_abyssal_woods, layout_cave_shapes,
          dpeg_slime_entry_corner, grunt_forest_small_clearing_treed
Swamp:1:  layout_basic_swamp, hangedman_swamp_pad
Swamp:2:  layout_basic_swamp, serial_swamp_ruin, evilmike_swamp_ruin_house_6,
          evilmike_swamp_ruin_house_2, infiniplex_staircase_pool
Swamp:3:  nicolae_swamp_standing_stones, layout_basic_swamp,
          evilmike_swamp_ruin_house_5
Swamp:4:  swamp_old_school, layout_basic_swamp, swamp_pool1, uniq_bai_suzhen
Spider:1: nicolae_spider_hilbert_zone_4 [nicolae_spider_hilbert_4_sides_2_open,
          nicolae_spider_hilbert_4_sides_1_open,
          nicolae_spider_hilbert_4_sides_1_open,
          nicolae_spider_hilbert_4_sides_1_open,
          nicolae_spider_hilbert_4_sides_1_open,
          nicolae_spider_hilbert_2_sides_1_open,
          nicolae_spider_hilbert_2_sides_1_open,
          nicolae_spider_hilbert_2_sides_1_open,
          nicolae_spider_hilbert_2_sides_1_open,
          nicolae_spider_hilbert_6_sides_1_open,
          nicolae_spider_hilbert_6_sides_1_open,
          nicolae_spider_hilbert_3_sides_1_open,
          nicolae_spider_hilbert_3_sides_1_open], special_room,
          nicolae_spider_rock_and_or_roll
Spider:2: cheibrodos_forgotten_conduit
Spider:3: layout_spider_delve, guppyfry_spider_mini_1
Spider:4: floodkiller_spider_rune_tomb, nicolae_orb_island, uniq_nikola,
          uniq_louise
Orc:1:    layout_diamond_mine, lightli_orcish_oven
Orc:2:    pf_orc_diabolical, layout_diamond_mine, serial_shops,
          nicolae_shop_bloodbath_and_beyond, uniq_saint_roka
Elf:1:    nicolae_elf_arrival_no_cutting_in_line, layout_rooms, serial_shops,
          shop, evilmike_minifort, nicolae_shop_gadgets, minmay_shoptagon
Elf:2:    nicolae_elf_blades_splatter_lattice [nicolae_blade_lattice],
          layout_rooms, grunt_megastairs_5, uniq_asterion
Elf:3:    minmay_elf_hall, layout_loops_corners, grunt_ministairs_6,
          minmay_elf_sorcery, minmay_shop_grove
Vaults:1: nicolae_vaults_mitosis, nicolae_vaults_taking_the_gang_shopping,
          grunt_vaults_diagonal, nicolae_vaults_diagonal_hallway_9,
          vaults_room_fancy_cross, nicolae_vaults_trapezoid_4,
          vaults_standard_mumra_enter_the_diamond, hangedman_vaults_slice,
          v_misc_5, nicolae_vaults_network_periphery, ontoclasm_vaults_shuriken,
          grunt_vaults_focal, layout_vaults_big_cross
Vaults:2: nicolae_vaults_cochlea, vaults_room_pools, v_rooms_6,
          nicolae_vaults_trapezoid_lopsided_4,
          nicolae_vaults_storage_room_water, vaults_room_hallway,
          nicolae_vaults_ring_of_whatevers, nicolae_vaults_trapezoid_layered,
          nicolae_vaults_storage_room_doors, vaults_room_stairs_pillars,
          vaults_room_stairs_pillars, layout_vaults_big_room
Vaults:3: vaults_room_grunt_arrival_ludios, vaults_dpeg_spiral,
          hangedman_vaults_stretched_pinwheel, nicolae_vaults_storage_closets_1,
          nicolae_vaults_trapezoid_4, v_misc_23, nicolae_vaults_library_corner,
          layout_vaults_quadrants, dummy_crypt_entry, serial_shops, shop,
          uniq_donald
Vaults:4: v_misc_25, hangedman_vaults_snaps,
          nicolae_vaults_offset_grid_hallway_3, v_misc_17,
          ontoclasm_vaults_echo, nicolae_vaults_double_plus_1,
          nicolae_vaults_tetromino_T_1, nicolae_vaults_sightless_eye,
          v_pattern_5, nicolae_vaults_little_squares_1, layout_vaults_ring
Vaults:5: serial_shops, uniq_boris
Crypt:1:  layout_rooms, minivault_27, chequers_hall_statues_wall_a,
          grunt_ministairs_6, grunt_crypt_arrival_webbed, uniq_josephina
Crypt:2:  cheibrodos_crypt_down_in_the_bonehoard, layout_rooms, special_room
          [special_room_morgue], uniq_mennas
Crypt:3:  due_elkab, layout_chaotic_city, serial_sigils_hangedman_snap, uniq_vv
Depths:1: layout_honeycomb, abyss_entry, hell_entry,
          nicolae_trove_entry_crossroad, gammafunk_ghost_grave,
          kennysheep_boxes, lemuel_flamethrower_2, firewood_loft
Depths:2: minmay_the_grid_four_pointed_star
          [minmay_the_grid_triangle_9x9_thin_v,
          minmay_the_grid_triangle_9x9_from_above,
          minmay_the_grid_triangle_9x9_intruding_spiral,
          minmay_the_grid_triangle_9x9_fully_insulated_deathbox,
          minmay_the_grid_prize_inner_circle], layout_gridlike,
          ziggurat_fallback, rand_demon_pan_entry_1, minmay_misc_feat_hallway,
          grunt_hell_entry_dis_grunt, uniq_mara
Depths:3: nicolae_cairo_tiling_large_dashed, layout_gridville,
          abyss_entry_flame_altar, hell_entry, serial_shops, shop,
          hangedman_abyss_or_decor_clamps, makhleb_altar_promises_db
Depths:4: grunt_zot_entry_funnels, layout_gridlike, lightli_too_deep,
          grunt_decor_one_mirror, chequers_serial_rivers_micro_e,
          serial_sigils_hangedman_gut, dreamdust_looks_like_rain,
          grunt_megastairs_2
Zot:1:    layout_misc_corridors, grunt_megastairs_1
Zot:2:    kennysheep_six_static_rooms, layout_cathedral_of_symmetry
Zot:3:    hangedman_zot_vaults_quadrants, layout_concentric_octagons
Zot:4:    lemuel_acid_trip, layout_onion, gammafunk_ghost_tricky_traps
Zot:5:    layout_gridlike

Skill      XL: |  1  2  3  4  5  6  7  8  9 10 11 12 13 14 15 16 17 18 19 20 21 22 23 24 25 26 27 |
---------------+----------------------------------------------------------------------------------+-----
Unarmed Combat | 1 2 3 4 6 8 9 11 13 15 16 19 20 23 24 25 | 25.4
Fighting       | 1 3 5 6 10 12 14 16 21 24 | 24.7
Shields        | 3 4 8 12 13 14 17 | 17.3
Armour         | 5 7 10 11 13 14 18 21 | 21.8
Dodging        | 3 8 10 11 12 13 17 24 | 24.4
Evocations     | 3 7 11 | 11.2
Throwing       | |  1.0
Stealth        | |  1.1
Spellcasting   | |  1.7
Necromancy     | |  3.0

Action                     |  1- 3 |  4- 6 |  7- 9 | 10-12 | 13-15 | 16-18 | 19-21 | 22-24 | 25-27 || total
---------------------------+-------+-------+-------+-------+-------+-------+-------+-------+-------++-------
  Melee: Unarmed           |    57 |   110 |   309 |   634 |  1145 |  1688 |  1574 |  2115 |  3103 || 10735
         Punch             |     1 |     3 |    10 |       |       |       |       |       |       ||    14
  Throw: Dart              |     8 |     2 |    20 |    12 |     3 |       |       |       |       ||    45
         Stone             |     1 |     6 |     4 |       |       |    24 |    18 |     5 |     3 ||    61
         Throwing net      |       |       |       |       |     1 |     1 |       |       |       ||     2
   Cast: Necrotise         |    30 |     5 |     4 |       |       |       |       |       |       ||    39
 Invoke: Curse Item        |       |       |     5 |     1 |     4 |     1 |     3 |     2 |     1 ||    17
         Shatter the Chain |       |       |       |       |     2 |     1 |     2 |     3 |       ||     8
  Evoke: Wand              |       |     4 |     7 |    25 |     8 |    15 |    13 |     2 |    13 ||    87
         Phantom mirror    |       |       |       |       |     1 |     1 |       |     1 |       ||     3
         Phial of floods   |       |       |       |       |     1 |     1 |       |       |       ||     2
         Lightning rod     |       |       |       |       |       |     2 |     6 |       |     3 ||    11
         Condenser vane    |       |       |       |       |       |       |     2 |       |     1 ||     3
         Box of beasts     |       |       |       |       |       |       |     1 |       |       ||     1
    Use: Scroll            |     3 |     5 |       |       |     9 |     9 |     4 |    10 |     6 ||    46
         Potion            |       |       |       |     1 |     4 |     1 |     3 |     2 |     5 ||    16
   Stab: Sleeping          |       |     1 |       |     1 |     2 |     4 |     3 |     5 |       ||    16
         Invisible         |       |       |       |     3 |       |     3 |     1 |     1 |       ||     8
         Distracted        |       |       |       |       |     2 |     3 |     3 |     1 |       ||     9
         Held in net/web   |       |       |       |       |       |     1 |       |       |       ||     1
 Armour: Leather armour    |     9 |     7 |       |       |       |       |       |       |       ||    16
         Ring mail         |       |    15 |    68 |    70 |   178 |   172 |   104 |    53 |       ||   660
         Fire dragon scale |       |       |       |       |       |       |       |     2 |   300 ||   302
  Dodge: Dodged            |    31 |    27 |   132 |   279 |   550 |   530 |   406 |   288 |   806 ||  3049
  Block: Buckler           |       |       |    25 |   140 |   224 |       |       |       |       ||   389
         Tower shield      |       |       |       |       |   288 |  1527 |  1321 |  1595 |  2591 ||  7322
